 Dungeon Crawl Stone Soup version 0.25-a0-458-g6fc7858b95 (webtiles) character file.

Game seed: 3108315938058617431, levelgen mode: deterministic

627 Jupotter the Shield-Bearer (level 7, -3/56 HPs)
             Began as a Formicid Fighter on Feb 2, 2020.
             Slain by an ogre
             ... wielding a +0 giant club
              (19 damage)
             ... on level 5 of the Dungeon.
             The game lasted 00:15:53 (4097 turns).

Jupotter the Shield-Bearer (Formicid Fighter)       Turns: 4097, Time: 00:15:53

Health: -3/56      AC:  9    Str: 22    XL:     7   Next: 77%
Magic:  7/7        EV:  9    Int:  8    God:
Gold:   218        SH: 10    Dex: 10    Spells: 6/6 levels left

rFire    . . .     SeeInvis +   a - +0 long sword
rCold    + . .     Gourm    .   c - +0 shield
rNeg     . . .     Faith    .   j - +3 ring mail {rC+}
rPois    .         Spirit   .   (helmet unavailable)
rElec    .         Reflect  .   (no cloak)
rCorr    +         Harm     .   (no gloves)
MR       .....                  (no boots)
Stlth    ..........             o - amulet of the acrobat
HPRegen  0.18/turn              n - ring of resist corrosion
MPRegen  0.10/turn              (no ring)

@: no status effects
A: permanent stasis, dig shafts and tunnels, four strong arms, antennae 3
a: Dig, Shaft Self


You were on level 5 of the Dungeon.
You were not hungry.

You visited 1 branch of the dungeon, and saw 5 of its levels.
You also visited: Ossuary.

You collected 218 gold pieces.

Inventory:

Hand Weapons
 a - a +0 long sword (weapon)
Armour
 c - a +0 shield (worn)
 e - a +0 chain mail
 j - a +3 ring mail of cold resistance (worn)
Jewellery
 n - a ring of resist corrosion (left hand)
 o - an amulet of the acrobat (around neck)
Wands
 q - a wand of paralysis (10)
Scrolls
 b - 3 scrolls of amnesia {unknown}
 g - 3 scrolls of remove curse {unknown}
 i - 6 scrolls of identify
 k - a scroll of fear {unknown}
 m - 4 scrolls of teleportation {unknown}
 p - a scroll of immolation {unknown}
 s - a scroll of fog {unknown}
Potions
 d - 3 potions of agility
 h - 3 potions of curing
 l - a potion of brilliance
 r - 2 potions of lignification {unknown}
 t - a potion of invisibility {unknown}
 u - a potion of might
 w - 2 potions of degeneration {unknown}
Comestibles
 f - 8 rations
 v - 5 chunks of flesh


   Skills:
 + Level 5.4 Fighting
 + Level 4.3 Long Blades
 + Level 5.4 Armour
 + Level 5.9 Shields


You had 6 spell levels left.
You didn't know any spells.
Your spell library contained the following spells:

 Spells                   Type           Power        Failure   Level  Hunger
 Beastly Appendage        Tmut           #.....       78%         1    ##.....
 Sticks to Snakes         Tmut           #.......     89%         2    ###....
 Spider Form              Tmut/Pois      #.........   98%         3    ####...
 Ice Form                 Ice/Tmut       #.......     100%        4    #####..
 Blade Hands              Tmut           #.........   100%        5    ######.


Dungeon Overview and Level Annotations

Branches:
Dungeon (5/15)            Ossuary (visited)
 Temple: D:4-7

Altars:
Ru


Innate Abilities, Weirdness & Mutations

You cannot be hasted, slowed, berserked, paralysed or teleported.
You can dig through walls and to a lower floor.
Your four strong arms can wield two-handed weapons with a shield.
You have a pair of large antennae on your head. (SInv)


Message History

You hit the jackal.
You kill the jackal!
You hit the ogre but do no damage.
You feel sick. The ogre hits you with a +0 giant club!
* * * LOW HITPOINT WARNING * * *
You feel better. You block the ogre's attack.
You hit the ogre.
The ogre is lightly wounded.
The ogre hits you with a +0 giant club!
* * * LOW HITPOINT WARNING * * *
You hit the ogre.
The ogre is lightly wounded.
The ogre closely misses you.
You hit the ogre but do no damage.
The ogre is lightly wounded.
The ogre closely misses you.
You slash the ogre!
The ogre is heavily wounded.
The ogre hits you with a +0 giant club!!
You die...

...........##......
.#..................
...................
#................. .
#.......#......#..
..#............<....
.......O.<..........
.......@.......#
....#..........#. .
#..)†<.........
#...###...#......
....... ##.##..#...
.....## ### ### ..
#.... # ....# .>..


You could see an ogre.

Vanquished Creatures
  Sigmund (D:2)
  A scorpion (D:4)
  A gnoll shaman (D:4)
  A human zombie (Ossuary)
  An orc wizard (D:4)
  3 worker ants
  A big kobold zombie (Ossuary)
  A hound zombie (Ossuary)
  4 mummies (Ossuary)
  3 adders
  5 gnolls
  An ooze (D:2)
  An adder zombie (Ossuary)
  3 worms
  An adder skeleton (D:4)
  2 dart slugs
  5 leopard geckos
  6 orcs
  5 giant cockroaches
  2 gnoll zombies (Ossuary)
  9 hobgoblins
  6 jackals
  2 quokkas (D:2)
  A ball python (D:4)
  A ball python skeleton (D:4)
  5 bats
  3 frilled lizards
  2 goblin zombies (Ossuary)
  A hobgoblin zombie (Ossuary)
  A jackal skeleton (D:3)
  2 jackal zombies (Ossuary)
  3 kobolds
  8 rats
  A rat zombie (Ossuary)
93 creatures vanquished.

Notes
Turn   | Place    | Note
-------+----------+-------------------------------------------
     0 | D:1      | Jupotter the Formicid Fighter began the quest for the Orb.
     0 | D:1      | Reached XP level 1. HP: 18/18 MP: 1/1
   204 | D:1      | Reached XP level 2. HP: 24/24 MP: 2/2
   600 | D:1      | Reached XP level 3. HP: 27/29 MP: 3/3
   906 | D:2      | Noticed Sigmund
   929 | D:2      | Killed Sigmund
   929 | D:2      | Reached XP level 4. HP: 11/38 MP: 4/4
   929 | D:2      | Reached XP level 5. HP: 12/43 MP: 5/5
   929 | D:2      | Reached XP level 6. HP: 14/49 MP: 6/6
  1386 | D:2      | Reached skill level 5 in Shields
  2788 | D:4      | Found a sand-covered staircase.
  2793 | Ossuary  | Entered an ossuary
  2813 | Ossuary  | Reached XP level 7. HP: 33/55 MP: 7/7
  2829 | Ossuary  | Reached skill level 5 in Fighting
  2829 | Ossuary  | Reached skill level 5 in Armour
  3405 | D:4      | Found a sacrificial altar of Ru.
  3658 | D:5      | Entered Level 5 of the Dungeon
  4097 | D:5      | Slain by an ogre

Levels and vault maps discovered:
D:1:      minmay_arrival_five_plusses, layout_basic
D:2:      layout_basic, uniq_sigmund
D:3:      layout_loops_cross, first_ration, chequers_serial_rivers_small_3
D:4:      layout_cave_pools, nicolae_ossuary_entry_plus, serial_column_ruins,
          column_ruins_temple_circle, column_ruins_hut_pillars,
          column_ruins_open_large, column_ruins_columns_straight,
          column_ruins_grid_4
D:5:      layout_cave_pools, kennysheep_mini_moat, portal_sewer_entry_e

Skill      XL: |  1  2  3  4  5  6  7 |
---------------+----------------------+-----
Shields        | 4 5 |  5.9
Fighting       | 4 5 |  5.4
Long Blades    | 3 4 |  4.3
Armour         | 4 5 |  5.4

Action                   |  1- 3 |  4- 6 |  7- 9 || total
-------------------------+-------+-------+-------++-------
Melee: Long sword        |   131 |   148 |   100 ||   379
  Use: Potion            |     2 |     2 |     1 ||     5
       Scroll            |       |     2 |       ||     2
  Eat: Chunk             |       |     7 |     1 ||     8
       Ration            |       |       |     1 ||     1
Armor: Chain mail        |    62 |    18 |       ||    80
       Ring mail         |       |    62 |    38 ||   100
Dodge: Dodged            |    31 |   114 |    79 ||   224
Block: Shield            |    73 |   133 |    61 ||   267
       Rpst.: Long sword |    13 |    34 |    23 ||    70

Table legend:
 A = Non-vault XP
 B = Vault XP
 C = Vault XP percentage of total XP
 D = Non-vault monster count
 E = Vault monster count
 F = Vault count percentage of total count
                 A         B        C        D         E       F
            +---------+---------+-------+---------+---------+-------
      Total |     493 |     404 |  45.0 |      75 |      18 |  19.4
            +---------+---------+-------+---------+---------+-------
        D:1 |      29 |       0 |   0.0 |      16 |       0 |   0.0
        D:2 |      83 |     231 |  73.6 |      25 |       1 |   3.8
        D:3 |      39 |       0 |   0.0 |      12 |       0 |   0.0
        D:4 |     265 |       4 |   1.5 |      17 |       1 |   5.6
        D:5 |      77 |       0 |   0.0 |       5 |       0 |   0.0
    Ossuary |       0 |     169 | 100.0 |       0 |      16 | 100.0
            +---------+---------+-------+---------+---------+-------
